 Dungeon Crawl Stone Soup version 0.22.1-1-ga44c0e56f4 (webtiles) character file.

236 Nixze the Caller (level 5, -2/28 HPs)
             Began as a Deep Elf Summoner on Nov 3, 2018.
             Slain by Duvessa
             ... wielding a +0 short sword
              (15 damage)
             ... on level 4 of the Dungeon.
             The game lasted 00:16:35 (4741 turns).

Nixze the Caller (Deep Elf Summoner)                Turns: 4741, Time: 00:16:36

Health: -2/28      AC:  5    Str:  5    XL:     5   Next: 77%
Magic:  1/15       EV: 13    Int: 21    God:
Gold:   125        SH:  0    Dex: 15    Spells: 5/15 levels left

rFire    . . .     SeeInvis .   r - +2 dagger (protect)
rCold    . . .     Gourm    .   (no shield)
rNeg     . . .     Faith    .   a - +0 robe
rPois    .         Spirit   .   s - +0 helmet
rElec    .         Reflect  .   n - +0 cloak
rCorr    .         Harm     .   (no gloves)
MR       .....                  i - +0 pair of boots (curse)
Stlth    ++........             (no amulet)
HPRegen  0.09/turn              (no ring)
MPRegen  0.14/turn              (no ring)

@: very slightly contaminated
A: no striking features
a: no special abilities


You were on level 4 of the Dungeon.
You were not hungry.

You visited 1 branch of the dungeon, and saw 4 of its levels.

You collected 125 gold pieces.

Inventory:

Hand Weapons
 d - a +0 short sword
 r - a +2 dagger of protection (weapon)
Missiles
 h - 4 steel tomahawks (quivered)
Armour
 a - a +0 robe (worn)
 i - a cursed +0 pair of boots (worn)
 n - a +0 cloak (worn)
 s - a +0 helmet (worn)
Scrolls
 f - a scroll of fear {unknown}
 g - a scroll of enchant weapon {unknown}
 l - 3 scrolls of teleportation {unknown}
 m - 4 scrolls of remove curse {unknown}
 o - 2 scrolls of immolation {unknown}
 p - a scroll of random uselessness {unknown}
 q - 2 scrolls of identify {unknown}
 t - 2 scrolls of blinking {unknown}
Potions
 b - a potion of curing
 e - 2 potions of degeneration {unknown}
 j - a potion of agility {unknown}
 k - 2 potions of resistance
Comestibles
 c - 4 rations


   Skills:
 + Level 0.2 Fighting
 - Level 0.7 Short Blades
 - Level 2.4 Dodging
 - Level 2.4 Stealth
 + Level 0.4 Unarmed Combat
 + Level 5.6 Spellcasting
 + Level 6.1 Summonings
 * Level 1.1 Air Magic


You had 5 spell levels left.
You knew the following spells:

 Your Spells              Type           Power        Failure   Level  Hunger
a - Summon Small Mammal   Summ           ####         1%          1    None
b - Call Imp              Summ           ####....     1%          2    None
c - Call Canine Familiar  Summ           ####....     2%          3    ##.....
d - Summon Lightning Spi  Summ/Air       ###.....     22%         4    ####...

Your spell library contained the following spells:

 Spells                   Type           Power        Failure   Level  Hunger
 Summon Guardian Golem    Hex/Summ       ###.....     9%          3    ##.....
 Summon Ice Beast         Ice/Summ       ###.....     28%         4    ####...


Dungeon Overview and Level Annotations

Branches:
Dungeon (4/15)
 Temple: D:4-7

Altars:
Elyvilon
Gozag
Makhleb
Okawaru
Xom

Annotations:
D:4 Duvessa


Message History

A shadowy apparition takes form in the air.
Duvessa completely misses you.
Your hound bites Duvessa.
Duvessa closely misses you.
Your hound bites Duvessa but does no damage.
Duvessa hits you with a short sword!
Your hound barely misses Duvessa.
Duvessa rages.
Duvessa hits you with a short sword.
Casting: Call Imp (safe; 1% risk of failure)
Confirm with . or Enter, or press ? or * to list all spells.
A beastly little devil appears in a puff of frigid air.
Your shadow imp hits Duvessa but does no damage.
Your hound closely misses Duvessa.
Duvessa hits your shadow imp with a short sword.
Your hound closely misses Duvessa.
Duvessa hits your shadow imp with a short sword!
Your shadow imp dies!
Your hound barely misses Duvessa.
Duvessa hits you with a short sword!
Ouch! That really hurt!
You die...

#.# +...####..####.#.#.#.#..
#.####....P......##..........
#...................#.#.#.#..
#..####....###.#............#
#.#####)##.# #.#.............
#...##..##.#####.####.....###
#.#....###.......# #..#.##
.......# ######### ##..#...
#.....## #.....5@###..>######
#.#.#..###.#####.eh..........
#......##...# #####.....###
..#.#.)##.#.## #.......#
#....).((.#..## ........#
##...##.#.....# .########
##...##.......#.. ..
##...####.....#.# ##
##.......<....#.#


You could see Duvessa (berserk), a friendly hound and a friendly white imp.

Vanquished Creatures
  An ooze (D:2)
  A ball python (D:1)
  3 bats
  A giant cockroach (D:1)
  2 goblins (D:1)
  3 hobgoblins (D:1)
  2 frilled lizards
  A kobold (D:1)
  2 rats (D:2)
16 creatures vanquished.

Vanquished Creatures (collateral kills)
  An ogre (D:4)
  Dowan (D:4)
  A crimson imp (D:3)
  A jelly (D:2)
  A bullfrog skeleton (D:4)
  Robin (D:3)
  3 adders
  A shadow imp (D:3)
  9 oozes (D:2)
  3 worms
  A leopard gecko (D:1)
  7 orcs
  15 goblins
  7 hobgoblins
  14 kobolds
  3 ball pythons
  6 bats
  2 frilled lizards
  4 rats
  A fungus (D:2)
82 creatures vanquished.

Vanquished Creatures (others)
  An orc (D:4)
  A fungus (D:2)
  7 toadstools (D:2)
9 creatures vanquished.

Grand Total: 107 creatures vanquished

Notes
Turn   | Place    | Note
-------+----------+-------------------------------------------
     0 | D:1      | Nixze the Deep Elf Summoner began the quest for the Orb.
     0 | D:1      | Reached XP level 1. HP: 10/10 MP: 6/6
   496 | D:1      | You fall through a shaft!
   496 | D:2      | Found an iron altar of Okawaru.
   514 | D:2      | Reached XP level 2. HP: 9/15 MP: 4/8
  1739 | D:1      | Found an ornate altar of the Wu Jian Council.
  1741 | D:1      | Found a basalt altar of Yredelemnul.
  1741 | D:1      | Found a basalt altar of Yredelemnul.
  1752 | D:1      | Reached XP level 3. HP: 19/19 MP: 8/10
  1753 | D:1      | Found an ancient bone altar of Kikubaaqudgha.
  1753 | D:1      | Found a hazy altar of Hepliaklqana.
  1753 | D:1      | Found a shimmering altar of Xom.
  1982 | D:1      | Learned a level 2 spell: Call Imp
  1986 | D:1      | Learned a level 3 spell: Call Canine Familiar
  2547 | D:2      | Reached skill level 5 in Summonings
  2640 | D:2      | Reached XP level 4. HP: 18/24 MP: 7/12
  2895 | D:3      | Found a burning altar of Makhleb.
  2895 | D:3      | Noticed Robin
  2942 | D:3      | Killed Robin
  3299 | D:3      | Reached skill level 5 in Spellcasting
  3387 | D:3      | Found a white marble altar of Elyvilon.
  3436 | D:3      | Learned a level 4 spell: Summon Lightning Spire
  4121 | D:3      | Found an opulent altar of Gozag.
  4182 | D:3      | Reached XP level 5. HP: 24/28 MP: 9/14
  4276 | D:4      | Noticed an ogre
  4289 | D:4      | Killed an ogre
  4289 | D:4      | Reached skill level 1 in Air Magic
  4433 | D:4      | Noticed Duvessa
  4437 | D:4      | Noticed Dowan
  4482 | D:4      | Killed Dowan
  4482 | D:4      | Reached skill level 6 in Summonings
  4741 | D:4      | Slain by Duvessa

Skill      XL: |  1  2  3  4  5 |
---------------+----------------+-----
Spellcasting   | 4 5 |  5.6
Summonings     | 5 6 |  6.1
Air Magic      | 1 |  1.1
Fighting       | |  0.2
Short Blades   | |  0.7
Dodging        | |  2.4
Stealth        | |  2.4
Unarmed Combat | |  0.4

Action                   |  1- 3 |  4- 6 || total
-------------------------+-------+-------++-------
Melee: Short sword       |    59 |       ||    59
       Unarmed           |     2 |       ||     2
       Punch             |     1 |       ||     1
       Dagger            |       |     7 ||     7
 Cast: Summon Small Mamm |    35 |       ||    35
       Call Imp          |     8 |    21 ||    29
       Call Canine Famil |     2 |    13 ||    15
       Summon Lightning  |       |    10 ||    10
  Use: Potion            |       |     1 ||     1
  Eat: Chunk             |     5 |     7 ||    12
       Ration            |       |     1 ||     1
Armor: Robe              |    23 |     9 ||    32
Dodge: Dodged            |    69 |    33 ||   102
